 Dungeon Crawl Stone Soup version 0.20.1-1-g8b1a95d66d (webtiles) character file.

10957 Ivernyr the Markscentaur (level 11, -3/97 HPs)
             Began as a Centaur Hunter on Nov 18, 2017.
             Was a High Priest of Okawaru.
             Slain by a wolf (9 damage)
             ... on level 2 of the Lair of Beasts.
             The game lasted 00:52:02 (16734 turns).

Ivernyr the Markscentaur (Centaur Hunter)          Turns: 16734, Time: 00:52:04

Health: -3/97      AC: 11    Str: 14    XL:     11   Next: 43%
Magic:  14/14      EV: 10    Int: 13    God:    Okawaru [*****.]
Gold:   404        SH:  0    Dex: 11    Spells: 6/10 levels left

rFire    . . .     SeeInvis +   a - +1 shortbow
rCold    . . .     Gourm    .   (shield currently unavailable)
rNeg     + . .     Faith    .   v - +2 robe {rN+}
rPois    .         Spirit   .   F - +2 hat {SInv}
rElec    .         Reflect  .   (no cloak)
rCorr    .         Harm     .   c - +2 pair of gloves
MR       .....                  (no barding)
Stlth    +.........             (no amulet)
Regen    0.3/turn               h - ring of flight
MPRegen  0.2/turn               (no ring)

@: about to teleport, very quick
A: hooves 3, deformed body, speed 2, tough skin 3
a: Heroism, Finesse, Renounce Religion, Evoke Flight


You were on level 2 of the Lair of Beasts.
You worshipped Okawaru.
Okawaru was extremely pleased with you.
You were not hungry.

You visited 3 branches of the dungeon, and saw 13 of its levels.

You collected 507 gold pieces.
You spent 103 gold pieces at shops.

Inventory:

Hand Weapons
 a - a +1 shortbow (weapon)
Missiles
 d - 169 arrows (quivered)
Armour
 b - a +0 troll leather armour
 c - a +2 pair of gloves (worn)
 v - a +2 robe of positive energy (worn)
 F - a +2 hat of see invisible (worn)
Jewellery
 h - a ring of flight (left hand)
Wands
 u - a wand of iceblast (4/15)
Scrolls
 e - a scroll of identify
 g - 3 scrolls of fog
 i - 8 scrolls of magic mapping
 j - 2 scrolls of fear
 m - 4 scrolls of teleportation
 p - 7 scrolls of remove curse
 q - a scroll of enchant armour {unknown}
 t - 5 scrolls of recharging
 y - 2 scrolls of immolation
 G - a scroll of silence {unknown}
 H - a scroll of summoning {unknown}
Potions
 k - a potion of haste {unknown}
 o - 5 potions of might
 r - a potion of invisibility {unknown}
 w - a potion of berserk rage {unknown}
 x - a potion of degeneration {unknown}
 z - 3 potions of agility
 A - 3 potions of lignification {unknown}
 B - a potion of ambrosia {unknown}
 C - a potion of heal wounds
 D - 2 potions of flight {unknown}
 I - 2 potions of curing
Comestibles
 f - 13 bread rations
 l - 5 fruits
 n - 3 chunks of flesh
 s - a royal jelly
 E - 4 meat rations


   Skills:
 + Level 9.2 Fighting
 * Level 16.1 Bows
 - Level 1.3 Dodging
 - Level 0.4 Stealth
 + Level 8.6 Unarmed Combat
 + Level 4.7 Invocations


You had 6 spell levels left.
You knew the following spells:

 Your Spells              Type           Power        Failure   Level  Hunger
a - Blink                 Tloc           N/A          43%         2    ###....
b - Swiftness             Chrm/Air       #.......     43%         2    ###....


Dungeon Overview and Level Annotations

Branches:
Dungeon (10/15)            Temple (1/1) D:4            Lair (2/6) D:10
    Orc (0/2) D:10
  Swamp: Lair:2-4    Shoals: Lair:2-4     Snake: Lair:2-4    Spider: Lair:2-4

Altars:
Ashenzari
Cheibriados
Dithmenos
Elyvilon
Fedhas
Gozag
Hepliaklqana
Kikubaaqudgha
Makhleb
Nemelex Xobeh
Okawaru
Qazlal
Ru
Sif Muna
Trog
Uskayaw
Vehumet
Xom
Yredelemnul
Zin
The Shining One
Lugonu

Shops:
D:5 [   D:9 ?

Annotations:
D:2 2 transporters
D:7 1 transporter
Lair:2 Fannar


Innate Abilities, Weirdness & Mutations

You have hooves in place of feet.
Armour fits poorly on your strangely shaped body.
You cover ground very quickly.
You have extremely tough skin. (AC +3)


Message History

Aim: a wolf You shoot an arrow.
The arrow hits the wolf.
The wolf is lightly wounded.
The wolf closely misses you. The wolf bites you but does no damage.
As you read the scroll of identify, it crumbles to dust.
g - 3 scrolls of fog The wolf completely misses you.
The wolf closely misses you. The wolf bites you but does no damage.
As you read the scroll of identify, it crumbles to dust.
z - 3 potions of agility The wolf bites you but does no damage.
The wolf bites you! x2
* * * LOW HITPOINT WARNING * * *
The wolf closely misses you.
As you read the scroll of teleportation, it crumbles to dust.
You feel strangely unstable. The wolf bites you!
* * * LOW HITPOINT WARNING * * *
The wolf bites you!
* * * LOW HITPOINT WARNING * * *
The wolf bites you!
You die...

###.##P##.## #
##.....(..#.####
.#..............##
...............P#
#..........<...#
#.............## ##
##.........h..(#
#.###.....†...hh#h.#
##.....#.#.....#@#.P.#
#....##.###.######h..#
#...####.#### #....#
...## ## ....... ...#
........ ..##
......... ### ###P
......e... #
####.......
#####.#..............


You could see 4 wolves.

Vanquished Creatures
  Gastronok (D:8)
  A hydra (Lair:2)
  Pikel (D:8)
  A black mamba (Lair:2)
  A centaur zombie (D:9)
  A komodo dragon (Lair:2)
  A troll (D:9)
  2 hippogriffs (Lair:2)
  Eustachio (D:5)
  Grum (D:8)
  12 yaks
  4 water moccasins
  2 black bears (D:8)
  An ice beast (D:10)
  4 orc warriors
  2 slaves (D:8)
  A sky beast (D:6)
  6 wolves
  6 ogres
  A crocodile (Lair:2)
  A centaur (D:8)
  2 big kobolds
  Blork the orc (D:4)
  9 bullfrogs
  8 wights
  An electric eel (Lair:2)
  2 howler monkeys
  2 crimson imps
  11 hounds
  5 orc priests
  A jelly (D:8)
  8 orc wizards
  2 iguanas
  8 worker ants
  A killer bee zombie (D:6)
  A hound zombie (D:8)
  A worker ant zombie (D:7)
  15 adders
  2 shadow imps
  3 adder skeletons
  4 worms
  2 dart slugs
  10 leopard geckos
  38 orcs
  3 ball pythons
  9 bats
  8 giant cockroaches
  6 goblins
  9 hobgoblins
  3 jackals (D:1)
  11 kobolds
  5 quokkas
  4 frilled lizards
  A giant cockroach zombie (D:5)
  A quokka skeleton (D:4)
  13 rats
261 creatures vanquished.

Vanquished Creatures (others)
  5 fungi (Lair:2)
  2 plants (Lair:2)
7 creatures vanquished.

Grand Total: 268 creatures vanquished

Notes
Turn   | Place    | Note
-------+----------+-------------------------------------------
     0 | D:1      | Ivernyr the Centaur Hunter began the quest for the Orb.
     0 | D:1      | Reached XP level 1. HP: 17/17 MP: 1/1
   329 | D:1      | Reached XP level 2. HP: 23/24 MP: 2/2
   806 | D:1      | Reached skill level 1 in Unarmed Combat
   984 | D:1      | Reached XP level 3. HP: 26/30 MP: 3/3
  1444 | D:2      | Reached skill level 6 in Bows
  1605 | D:2      | Learned a level 2 spell: Blink
  1659 | D:2      | Found a transporter.
  1660 | D:2      | Noticed an orc warrior
  1661 | D:2      | Found a transporter.
  1662 | D:2      | Noticed a bullfrog
  1772 | D:2      | HP: 1/30 [poisoned by an adder]
  1773 | D:2      | Reached XP level 4. HP: 2/38 MP: 4/4
  2184 | D:2      | Found a hazy altar of Hepliaklqana.
  2558 | D:2      | Found a burning altar of Makhleb.
  3299 | D:3      | Reached XP level 5. HP: 41/45 MP: 5/5
  3641 | D:4      | Reached skill level 7 in Bows
  4123 | D:4      | Reached XP level 6. HP: 52/52 MP: 6/6
  4163 | D:4      | Noticed Blork the orc
  4173 | D:4      | Killed Blork the orc
  4179 | D:4      | Found a deep blue altar of Sif Muna.
  4319 | D:4      | Reached skill level 8 in Bows
  5185 | D:4      | Found a staircase to the Ecumenical Temple.
  5199 | D:4      | Reached XP level 7. HP: 55/59 MP: 7/7
  5250 | Temple   | Entered the Ecumenical Temple
  5279 | Temple   | Became a worshipper of Warmaster Okawaru
  5416 | D:5      | Entered Level 5 of the Dungeon
  5708 | D:5      | Noticed Eustachio
  5751 | D:5      | Killed Eustachio
  5751 | D:5      | Reached skill level 9 in Bows
  6004 | D:5      | Found Oxtet's Antique Armour Boutique.
  6090 | D:5      | Bought a runed robe for 103 gold pieces
  6228 | D:5      | Found a hide-covered altar of Uskayaw.
  6229 | D:5      | Found a shadowy altar of Dithmenos.
  6761 | D:6      | Reached skill level 5 in Fighting
  6942 | D:6      | Reached * piety under Okawaru
  7283 | D:6      | Reached skill level 10 in Bows
  7375 | D:6      | Reached XP level 8. HP: 61/68 MP: 8/8
  8509 | D:7      | Found an opulent altar of Gozag.
  8568 | D:6      | Reached skill level 11 in Bows
  8626 | D:6      | Reached skill level 5 in Unarmed Combat
  8909 | D:7      | Reached ** piety under Okawaru
  9243 | D:7      | Reached XP level 9. HP: 72/78 MP: 9/9
  9348 | D:7      | Found a transporter.
  9361 | D:7      | Found a corrupted altar of Lugonu.
  9478 | D:7      | Reached skill level 12 in Bows
 10119 | D:8      | Found a burning altar of Makhleb.
 10247 | D:8      | Learned a level 2 spell: Swiftness
 10338 | D:8      | Noticed Grum
 10394 | D:8      | HP: 2/79 [wolf[Grum] (6)]
 10406 | D:8      | Reached *** piety under Okawaru
 10420 | D:8      | Killed Grum
 10420 | D:8      | Reached skill level 13 in Bows
 10858 | D:8      | Noticed Gastronok
 10924 | D:8      | Killed Gastronok
 10924 | D:8      | Reached **** piety under Okawaru
 10924 | D:8      | Received a gift from Okawaru
 10924 | D:8      | Reached skill level 14 in Bows
 10924 | D:8      | Reached XP level 10. HP: 32/88 MP: 10/10
 11495 | D:8      | Found an opulent altar of Gozag.
 11633 | D:8      | Noticed Pikel
 11687 | D:8      | Killed Pikel
 11687 | D:8      | Reached skill level 1 in Invocations
 12268 | D:9      | Received a gift from Okawaru
 12274 | D:9      | HP: 2/89 [yak (3)]
 12944 | D:9      | Found Xuliyc's Magic Scroll Emporium.
 13160 | D:9      | Reached ***** piety under Okawaru
 13160 | D:9      | Reached skill level 15 in Bows
 13183 | D:9      | Received a gift from Okawaru
 13443 | D:10     | Entered Level 10 of the Dungeon
 13504 | D:10     | Found a staircase to the Lair.
 13512 | D:10     | Found a staircase to the Orcish Mines.
 13535 | D:10     | Received a gift from Okawaru
 13915 | D:10     | Noticed a tengu warrior
 13978 | Lair:1   | Entered Level 1 of the Lair of Beasts
 14878 | Lair:2   | Reached XP level 11. HP: 88/95 MP: 13/13
 15358 | Lair:2   | Noticed an eight-headed hydra
 15632 | Lair:1   | Received a gift from Okawaru
 16577 | Lair:2   | Killed an eight-headed hydra
 16577 | Lair:2   | Received a gift from Okawaru
 16577 | Lair:2   | Reached skill level 16 in Bows
 16702 | Lair:2   | Noticed Fannar
 16734 | Lair:2   | Slain by a wolf

Skill      XL: |  1  2  3  4  5  6  7  8  9 10 11 |
---------------+----------------------------------+-----
Unarmed Combat | 1 2 3 4 5 7 8 |  8.6
Bows           | 6 7 8 10 11 14 15 16 | 16.1
Fighting       | 3 4 5 6 7 8 9 |  9.2
Invocations    | 3 4 |  4.7
Dodging        | |  1.3
Stealth        | |  0.4

Action                   |  1- 3 |  4- 6 |  7- 9 | 10-12 || total
-------------------------+-------+-------+-------+-------++-------
Melee: Unarmed           |   208 |   240 |   302 |   201 ||   951
       Kick              |    29 |    53 |    66 |    58 ||   206
       Punch             |     2 |     4 |     1 |     6 ||    13
 Fire: Shortbow          |    11 |    56 |   328 |   335 ||   730
Invok: Heroism           |       |       |     1 |     1 ||     2
 Abil: Evoke Flight      |       |     1 |       |       ||     1
  Use: Potion            |       |     2 |     2 |     1 ||     5
       Scroll            |       |     5 |     4 |     6 ||    15
  Eat: Chunk             |     2 |    10 |    15 |    15 ||    42
Armor: Leather armour    |   111 |    83 |    45 |       ||   239
       Robe              |       |       |   144 |   123 ||   267
Dodge: Dodged            |   128 |    99 |   242 |   132 ||   601
